 Dungeon Crawl Stone Soup version 0.30-a0-4-ga7cffc901d (webtiles) character file.

Game seed: 13554283335741972350

548 Flugkiller the Chopper (level 7, -2/62 HPs)
             Began as a Minotaur Fighter on Aug 21, 2022.
             Slain by a bullfrog (7 damage)
             ... in a sewer.
             The game lasted 00:01:27 (2677 turns).

Flugkiller the Chopper (Minotaur Fighter)           Turns: 2677, Time: 00:01:28

Health: -2/62      AC:  7    Str: 27    XL:     7   Next: 7%
Magic:  6/6        EV:  6    Int:  9    God:
Gold:   89         SH:  4    Dex:  9    Spells: 6/6 levels left

rFire   . . .      SeeInvis .    a - +0 war axe
rCold   . . .      Faith    .    c - +0 buckler
rNeg    . . .      Spirit   .    b - +0 scale mail
rPois   .          Reflect  .    r - +0 hat of Muttered Phrases {rCorr Str+6 Int+4 Dex-2}
rElec   .          Harm     .    (no cloak)
rCorr   +          Rampage  .    (no gloves)
Will    .....                    (no boots)
Stlth   ..........               (no amulet)
HPRegen 0.20/turn                (no ring)
MPRegen 0.10/turn                (no ring)

@: hasted, constricted, slow
A: horns 2, retaliatory headbutt
a: no special abilities


You were in a sewer.
You visited 1 branch of the dungeon, and saw 3 of its levels.
You also visited: Sewer.

You collected 89 gold pieces.

Inventory:

Hand Weapons
 a - a +0 war axe (weapon)
Armour
 b - a +0 scale mail (worn)
 c - a +0 buckler (worn)
 r - the +0 hat of Muttered Phrases (worn) {rCorr Str+6 Int+4 Dex-2}
   (You found it on level 3 of the Dungeon)

   Str:       It affects your strength (+6).
   Int:       It affects your intelligence (+4).
   Dex:       It affects your dexterity (-2).
   rCorr:     It protects you from acid and corrosion.
Scrolls
 e - 2 scrolls of poison {unknown}
 f - 3 scrolls of silence {unknown}
 g - 2 scrolls of summoning {unknown}
 j - a scroll of torment {unknown}
 k - 2 scrolls of identify {unknown}
 n - 2 scrolls of fear {unknown}
 o - 2 scrolls of amnesia {unknown}
 p - a scroll of enchant weapon {unknown}
 q - a scroll of vulnerability {unknown}
Potions
 d - 2 potions of might
 h - a potion of haste
 i - 2 potions of curing {unknown}
 l - a potion of flight {unknown}
 m - a potion of berserk rage {unknown}
 s - 2 potions of attraction {unknown}
 t - 2 potions of heal wounds {unknown}
 u - a potion of degeneration {unknown}


   Skills:
 + Level 5.8 Fighting
 * Level 6.8 Axes
 + Level 5.7 Armour
 - Level 3.6 Shields


You had 6 spell levels left.
You didn't know any spells.
Your spell library was empty.

Dungeon Overview and Level Annotations

Branches:
Dungeon (3/15)              Sewer (1/1)

Altars:


Innate Abilities, Weirdness & Mutations

You have a pair of horns on your head.
You reflexively headbutt those who attack you in melee.


Message History

The ball python bites you but does no damage.
The ball python grabs you. The ball python constricts you.
The adder bites you but does no damage.
You hit the ball python but do no damage.
You headbutt the ball python.
The ball python is severely wounded.
You barely miss the adder. x2; You hit the adder.
You kill the adder!
You feel sick. You block the adder's attack.
The adder bites you but does no damage. The bullfrog completely misses you.
You furiously retaliate!
You headbutt the bullfrog.
The ball python bites you but does no damage.
The ball python constricts you. The adder bites you but does no damage.
The adder barely misses you. The bullfrog hits you.
The ball python bites you but does no damage.
The ball python constricts you.
You closely miss the ball python.
The ball python is severely wounded.
You closely miss the adder. You barely miss the bullfrog.
You closely miss the adder. You barely miss the frilled lizard.
You feel sick.
You are no longer poisoned.
The adder bites you but does no damage. The adder bites you.
You are poisoned.
The adder poisons you! The bullfrog barely misses you. You furiously retaliate!
You headbutt the bullfrog! You block the frilled lizard's attack.
The endoplasm jiggles.
The ball python barely misses you. The ball python constricts you.
You closely miss the ball python.
The ball python is severely wounded.
You hit the bullfrog. You hit the endoplasm but do no damage.
You hit the adder. You slash the frilled lizard!
You kill the frilled lizard!
You slash the adder!
You feel sick. The bullfrog hits you! You block the adder's attack.
The adder bites you. The ball python barely misses you.
The ball python constricts you.
The bullfrog hits you but does no damage.
The adder bites you but does no damage. The adder barely misses you.
The bullfrog snags a nearby fly with its tongue.
The endoplasm freezes you.
You are frozen.
You closely miss the ball python.
The ball python is severely wounded.
You closely miss the adder. You slash the adder!
You kill the adder!
You closely miss the bullfrog. You hit the endoplasm.
You feel sick. The bullfrog hits you.
The ball python bites you but does no damage.
The ball python constricts you. The adder bites you but does no damage.
The bullfrog hits you but does no damage. x2
The ball python bites you but does no damage.
The ball python constricts you. You block the endoplasm's attack.
The adder bites you. The bullfrog barely misses you.
You barely miss the ball python.
The ball python is severely wounded.
You hit the bullfrog. You closely miss the bullfrog. You slash the endoplasm!
You kill the endoplasm!
You barely miss the adder.
You feel sick. The bullfrog hits you. The bullfrog barely misses you.
The ball python bites you but does no damage.
The ball python constricts you. The adder barely misses you.
You furiously retaliate!
You headbutt the adder!
You kill the adder!
The bullfrog hits you. You block the ball python's attack.
The ball python constricts you. The bullfrog hits you.
You are too injured to fight recklessly!
You are too injured to fight recklessly!
You are too injured to fight recklessly!
You escape the ball python's grasp.
The bullfrog attacks as you move away! The bullfrog hits you.
The ball python attacks as you move away!
The ball python bites you but does no damage.
The ball python closely misses you.
You feel sick.
You are no longer poisoned.
The bullfrog hits you but does no damage.
The bullfrog hits you.
* * * LOW HITPOINT WARNING * * *
The endoplasm hits you but does no damage.
The bullfrog hits you.
* * * LOW HITPOINT WARNING * * *
The bullfrog attacks as you move away! The bullfrog hits you.
* * * LOW HITPOINT WARNING * * *
The endoplasm attacks as you move away!
The endoplasm splashes around in the water.
The bullfrog closely misses you. You furiously retaliate!
You headbutt the bullfrog! The bullfrog closely misses you.
You furiously retaliate!
You headbutt the bullfrog!
You kill the bullfrog!
The bullfrog hits you but does no damage.
The ball python bites you.
* * * LOW HITPOINT WARNING * * *
The ball python barely misses you. The ball python closely misses you.
The ball python grabs you. The ball python constricts you.
You have reached level 7!
It was a potion of haste.
You feel yourself speed up.
h - a potion of haste;
e - 2 scrolls labelled HAROSITOEXT The bullfrog hits you.
* * * LOW HITPOINT WARNING * * *
The ball python bites you but does no damage. x2
The ball python constricts you. The bullfrog hits you!
You die...

....'..# ....#..# #...####
#....################## #+
#......≈≈≈≈≈≈≈≈≈≈≈≈≈≈≈#...
##....~~~~≈≈≈≈≈≈≈~~~~~....
#....~~~~~≈≈≈≈≈≈J†~~≈....
#.....~~≈~~~#≈~#S~~~~....
##...~~≈≈~≈#~..@F≈~≈≈....
###..≈≈≈≈≈~~~≈~S≈≈≈≈#...
################### #


You could see a bullfrog, an endoplasm and 2 ball pythons.

Vanquished Creatures
  Grinder (D:3)
  A bullfrog (Sewer)
  2 orc priests (D:3)
  An orc wizard (D:3)
  6 river rats (Sewer)
  8 adders
  An orc (D:3)
  6 bats
  6 endoplasms
  3 giant cockroaches
  6 goblins
  5 hobgoblins
  6 jackals (D:2)
  3 kobolds (D:2)
  3 quokkas
  10 ball pythons
  9 frilled lizards
  19 rats
96 creatures vanquished.

Vanquished Creatures (others)
  13 plants (D:1)
13 creatures vanquished.

Grand Total: 109 creatures vanquished

Notes
Turn   | Place    | Note
-------+----------+-------------------------------------------
     0 | D:1      | Flugkiller the Minotaur Fighter began the quest for the
                  | Orb.
     0 | D:1      | Reached XP level 1. HP: 19/19 MP: 0/0
   254 | D:1      | Reached skill level 3 in Axes
   254 | D:1      | Reached XP level 2. HP: 23/27 MP: 1/1
   736 | D:1      | Reached XP level 3. HP: 33/33 MP: 2/2
  1559 | D:2      | Reached skill level 4 in Axes
  1953 | D:3      | Noticed Grinder
  1958 | D:3      | Paralysed by Grinder for 3 turns
  1964 | D:3      | Reached XP level 4. HP: 30/41 MP: 3/3
  2048 | D:3      | Reached XP level 5. HP: 47/47 MP: 4/4
  2063 | D:3      | Killed Grinder
  2064 | D:3      | Reached skill level 5 in Fighting
  2064 | D:3      | Reached skill level 6 in Axes
  2064 | D:3      | Reached skill level 5 in Armour
  2064 | D:3      | Reached XP level 6. HP: 45/56 MP: 5/5
  2077 | D:3      | Identified the +0 hat of Muttered Phrases {rCorr Str+6
                  | Int+4 Dex-2}
  2226 | D:3      | Found a glowing drain.
  2231 | Sewer    | Entered a sewer
  2677 | Sewer    | Reached XP level 7. HP: 7/62 MP: 6/6
  2677 | Sewer    | Slain by a bullfrog

Illustrated notes

Levels and vault maps discovered:
D:1:      elethiomel_arrival_infinity_welcomes_careful_drivers,
          layout_loops_ring, serial_bayou, serial_bayou_pond_c,
          serial_bayou_ford_a, serial_bayou_pond_e, serial_bayou_pond_a,
          serial_bayou_crossing, serial_bayou_lake_a
D:2:      layout_basic, minmay_tetromino_o4
D:3:      layout_loops_ring, portal_sewer_entry_e,
          chequers_serial_rivers_micro_b, uniq_grinder
Sewer:    sewer_minmay_w

Skill      XL: |  1  2  3  4  5 |
---------------+----------------+-----
Axes           | 3 4 6 |  6.8
Fighting       | 4 5 |  5.8
Armour         | 4 5 |  5.7
Shields        | |  3.6

Action                   |  1- 3 |  4- 6 |  7- 9 || total
-------------------------+-------+-------+-------++-------
Melee: War axe           |   104 |    71 |       ||   175
       Headbutt          |    10 |    13 |       ||    23
Evoke: Wand              |     2 |     2 |       ||     4
  Use: Potion            |       |       |     1 ||     1
Armor: Scale mail        |    62 |    60 |     2 ||   124
Dodge: Dodged            |    59 |    51 |       ||   110
Block: Buckler           |    25 |    25 |       ||    50

Table legend: (Time is in decaauts)
 A = Elapsed time spent in this place.
 B = Non-inter-level travel time spent in this place.
 C = Inter-level travel time spent in this place.
 D = Time resting spent in this place.
 E = Time spent auto-exploring this place.
 F = Levels seen in this place.
 G = Mean time per level.
                   A        B        C        D        E       F      G
               +--------+--------+--------+--------+--------+-----+--------+
         Total |   2841 |   2784 |     57 |    256 |   2025 |   4 |  710.2 |
       Dungeon |   2352 |   2295 |     57 |    256 |   1664 |   3 |  784.0 |
         Sewer |    489 |    489 |      0 |      0 |    361 |   1 |  489.0 |
               +--------+--------+--------+--------+--------+-----+--------+

Top non-repeatable levels by time:
     D:1: 1258 daAuts
     D:2: 837 daAuts
   Sewer: 489 daAuts
     D:3: 255 daAuts
